 Dungeon Crawl Stone Soup version 0.22-a0-305-gd21a89c538 (webtiles) character file.

921 Oravi the Quickloader (level 8, -6/48 HPs)
             Began as a Kobold Hunter on Apr 1, 2018.
             Was an Initiate of Dithmenos.
             Mangled by a troll (10 damage)
             ... on level 6 of the Dungeon.
             The game lasted 00:25:05 (6987 turns).

Oravi the Quickloader (Kobold Hunter)               Turns: 6987, Time: 00:25:07

Health: -6/48      AC:  5    Str: 15    XL:     8   Next: 31%
Magic:  8/8        EV: 17    Int: 12    God:    Dithmenos [......]
Gold:   288        SH:  0    Dex: 17    Spells: 7/7 levels left

rFire    . . .     SeeInvis .   b - +0 short sword (speed)
rCold    . . .     Gourm    .   (shield restricted)
rNeg     + . .     Faith    .   c - +0 leather armour
rPois    .         Spirit   .   m - +2 hat
rElec    .         Reflect  .   (no cloak)
rCorr    .         Harm     .   (no gloves)
MR       .....                  (no boots)
Stlth    ++........             (no amulet)
HPRegen  0.16/turn              l - ring of positive energy
MPRegen  0.11/turn              i - ring of wizardry

@: mighty, about to teleport
A: small, carnivore
a: Renounce Religion


You were on level 6 of the Dungeon.
You worshipped Dithmenos.
Dithmenos was noncommittal.
You were completely stuffed.

You visited 2 branches of the dungeon, and saw 7 of its levels.

You collected 288 gold pieces.

Inventory:

Hand Weapons
 a - a +0 arbalest
 b - a +0 short sword of speed (weapon)
 q - a +1 hand crossbow
Missiles
 d - 11 bolts
Armour
 c - a +0 leather armour (worn)
 m - a +2 hat (worn)
 t - the +1 robe of Comour {rElec SInv Stlth+, unknown}
   (You found it on level 5 of the Dungeon)

   It insulates you from electricity.
   It lets you see invisible.
   It makes you more stealthy.
Jewellery
 i - a ring of wizardry (right hand)
 j - an uncursed amulet of the gourmand {unknown}
 l - a ring of positive energy (left hand)
 s - an uncursed amulet of regeneration {unknown}
Scrolls
 g - 3 scrolls of remove curse
 h - 10 scrolls of identify
 k - a scroll of enchant armour {unknown}
 n - 3 scrolls of teleportation
 o - 3 scrolls of magic mapping
 p - a scroll of blinking {unknown}
 u - a scroll of vulnerability {unknown}
 v - a scroll of fog
Potions
 r - a potion of degeneration {unknown}
 w - a potion of mutation {unknown}
Comestibles
 f - 10 rations
 x - 2 chunks of flesh


   Skills:
 + Level 4.5 Fighting
 + Level 6.4 Short Blades
 + Level 8.1 Crossbows
 + Level 4.7 Dodging
 - Level 1.3 Stealth


You had 7 spell levels left.
You didn't know any spells.

Dungeon Overview and Level Annotations

Branches:
Dungeon (6/15)             Temple (1/1) D:5

Altars:
Ashenzari
Dithmenos
Elyvilon
Fedhas
Gozag
Hepliaklqana
Kikubaaqudgha
Makhleb
Nemelex Xobeh
Okawaru
Qazlal
Ru
Sif Muna
Trog
Uskayaw
Vehumet
Wu Jian
Xom
Yredelemnul


Innate Abilities, Weirdness & Mutations

You are small and have problems with some larger weapons.
You are carnivorous and can eat meat at any time.


Message History

The troll bites you but does no damage. The troll claws you!
The troll closely misses you.
You puncture the troll!
The troll is heavily wounded.
The worker ant closely misses you.
You hit the troll but do no damage.
The troll is heavily wounded.
The troll bites you!
* * * LOW HITPOINT WARNING * * *
The troll claws you but does no damage. The troll misses you.
You are too injured to fight recklessly!
You are too injured to fight recklessly!
You are too injured to fight recklessly!
As you read the scroll of teleportation, it crumbles to dust.
You feel strangely unstable. The worker ant bites you.
* * * LOW HITPOINT WARNING * * *
The troll bites you.
* * * LOW HITPOINT WARNING * * *
The troll claws you!
You die...

#......# ###### #.#.#..#
. #.#.#..## #
#.###.#.#...##########
#..........#..........
#.###.#.####.....##^..
#.#<# #.....##...
.#.#####.######.....###+#
......(T@.$...+.....# #
#....#a#######....####.#
... #.................# #
###########........
+........ #........
#........ #........
#........


You could see a troll and a worker ant.

Vanquished Creatures
  Grinder (D:5)
  Menkaure (D:4)
  An ice beast (D:6)
  A water moccasin skeleton (D:4)
  4 hounds
  2 orc wizards (D:4)
  An orc priest (D:4)
  A bullfrog skeleton (D:4)
  A centaur skeleton (D:4)
  A worker ant zombie (D:6)
  A howler monkey skeleton (D:5)
  10 adders
  An ooze (D:1)
  An adder skeleton (D:4)
  A worm (D:2)
  A dart slug (D:3)
  5 leopard geckos
  12 orcs
  4 giant cockroaches (D:1)
  5 goblins
  5 hobgoblins
  A jackal (D:6)
  6 quokkas
  4 bats
  3 frilled lizards
  A jackal skeleton (D:4)
  A jackal zombie (D:5)
  8 kobolds
  12 rats
96 creatures vanquished.

Notes
Turn   | Place    | Note
-------+----------+-------------------------------------------
     0 | D:1      | Oravi the Kobold Hunter began the quest for the Orb.
     0 | D:1      | Reached XP level 1. HP: 12/12 MP: 1/1
    39 | D:1      | Reached skill level 5 in Crossbows
    97 | D:1      | Reached XP level 2. HP: 15/17 MP: 2/2
   544 | D:1      | Reached skill level 1 in Short Blades
   544 | D:1      | Reached XP level 3. HP: 21/21 MP: 3/3
  1092 | D:2      | Found a sacrificial altar of Ru.
  1602 | D:2      | Reached XP level 4. HP: 27/27 MP: 4/4
  2036 | D:2      | Found an opulent altar of Gozag.
  2123 | D:3      | Reached skill level 6 in Crossbows
  2679 | D:3      | Reached XP level 5. HP: 10/31 MP: 5/5
  3015 | D:3      | Found a deep blue altar of Sif Muna.
  3539 | D:4      | Reached XP level 6. HP: 30/37 MP: 6/6
  4414 | D:4      | Reached skill level 5 in Short Blades
  4414 | D:4      | Reached XP level 7. HP: 26/41 MP: 7/7
  4700 | D:4      | Noticed Menkaure
  4706 | D:4      | Killed Menkaure
  4706 | D:4      | Reached skill level 7 in Crossbows
  4909 | D:5      | Entered Level 5 of the Dungeon
  5000 | D:5      | Noticed Grinder
  5021 | D:5      | Paralysed by Grinder for 7 turns
  5031 | D:5      | Killed Grinder
  5031 | D:5      | Reached XP level 8. HP: 44/48 MP: 8/8
  5069 | D:5      | Found a staircase to the Ecumenical Temple.
  5076 | Temple   | Entered the Ecumenical Temple
  5128 | Temple   | Became a worshipper of Dithmenos the Shadowed
  5620 | D:5      | Found a hide-covered altar of Uskayaw.
  5620 | D:5      | Noticed a hand axe
  5620 | D:5      | Noticed a hand axe
  5819 | D:5      | Found a bloodstained altar of Trog.
  6156 | D:5      | Got a steaming robe
  6657 | D:6      | Reached skill level 8 in Crossbows
  6980 | D:6      | Noticed a troll
  6987 | D:6      | Mangled by a troll

Vault maps used:
D:1:      onia_arrival_larder, chequers_big_river
D:2:      minmay_wonky_spiral, nicolae_ru_sacrificial_ziggurat,
          nicolae_gozag_seed_capital
D:3:      lemuel_blue_sif_altar, palyth_stone_intersect
D:4:      uniq_menkaure
D:5:      bloody_trog, dancing_weapons_uskayaw, minmay_temple_entry_crystal_x,
          first_ration, grunt_ministairs_7, hangedman_abyss_or_decor_passed,
          minivault_25, uniq_grinder
D:6:      nicolae_whirlpool, grunt_temple_overflow_gold_and_silver
Temple:   jpeg_temple_clearing

Skill      XL: |  1  2  3  4  5  6  7  8 |
---------------+-------------------------+-----
Crossbows      | 5 6 7 8 |  8.1
Short Blades   | 1 2 3 5 6 |  6.4
Dodging        | 3 4 |  4.7
Fighting       | 3 4 |  4.5
Stealth        | |  1.3

Action                   |  1- 3 |  4- 6 |  7- 9 || total
-------------------------+-------+-------+-------++-------
Melee: Short sword       |   105 |   198 |    89 ||   392
 Fire: Hand crossbow     |     6 |    48 |    28 ||    82
       Arbalest          |       |       |     7 ||     7
  Use: Scroll            |     1 |     5 |     1 ||     7
       Potion            |       |     3 |     1 ||     4
 Stab: Sleeping          |     6 |     3 |     1 ||    10
  Eat: Chunk             |    10 |     9 |     8 ||    27
Armor: Leather armour    |    13 |    11 |    15 ||    39
       Skin              |       |    18 |       ||    18
Dodge: Dodged            |    72 |   131 |    43 ||   246

Table legend:
 A = Spawn XP
 B = Non-spawn XP
 C = Spawn XP percentage of total XP
 D = Spawn monster count
 E = Non-spawn monster count
 F = Spawn count percentage of total count
 G = Total turns spent on level
                    A         B        C        D         E        F      G
               +---------+---------+-------+---------+---------+-------+---------
         Total |       0 |    1317 |   0.0 |       0 |      96 |   0.0 |  6987
               +---------+---------+-------+---------+---------+-------+---------
           D:1 |       0 |      35 |   0.0 |       0 |      17 |   0.0 |   948
           D:2 |       0 |      61 |   0.0 |       0 |      23 |   0.0 |  1225
           D:3 |       0 |     102 |   0.0 |       0 |      18 |   0.0 |  1316
           D:4 |       0 |     542 |   0.0 |       0 |      24 |   0.0 |  1482
           D:5 |       0 |     377 |   0.0 |       0 |       6 |   0.0 |  1393
           D:6 |       0 |     200 |   0.0 |       0 |       8 |   0.0 |   534
               +---------+---------+-------+---------+---------+-------+---------
